AoeStats
← Long John Silver

Lombardia

508482780Analyzed
3v3 RM · 9d ago on Sep 22, 2026· 29m 25s· 6 players
Game mode
Random Map
Map size
Normal (6 player)
Population
200
Speed
Normal
Resources
Standard
Victory
Conquest
Starting age
Dark Age
Ending age
Imperial Age
RankedLock teamsTeams togetherTeam positionsShared explorationLock speedFull tech treeHidden civsTurbo modeCheats
Victory
Defeat
🇳🇱 Maya · Netherlands
1541
+11
🇨🇱 Cumans · Chile
1492
+13
🇩🇪 Goths · Germany
1465
+14
🇳🇱 Sicilians · Netherlands
1455
-13
🇳🇱 Berbers · Netherlands
1444
-13
🇳🇱 Burgundians · Netherlands
1402
-12
Diegazo
7:34 Loom
9:37 Feudal Age
11:49 Horse Collar
13:22 Wheelbarrow
13:08 Double-Bit Axe
22:45 Castle Age
21:19 Gold Mining
21:46 Scale Barding Armor
21:52 Forging
23:24 Bloodlines
24:06 Chain Barding Armor
24:26 Iron Casting
CornelVS1
0:34 Loom
9:54 Feudal Age
10:26 Double-Bit Axe
12:20 Horse Collar
19:46 Castle Age
18:42 Fletching
18:49 Gold Mining
20:44 Bow Saw
20:54 Heavy Plow
20:25 Crossbowman
21:10 Bodkin Arrow
21:57 Padded Archer Armor
25:05 Ballistics
25:51 Wheelbarrow
27:46 Town Watch
28:31 Thumb Ring
29:04 Leather Archer Armor
Long John Silver
10:48 Feudal Age
14:22 Castle Age
12:39 Double-Bit Axe
13:54 Loom
15:21 Bow Saw
14:55 Horse Collar
20:58 Town Watch
21:54 Wheelbarrow
21:14 Stone Mining
21:57 Heavy Plow
21:47 Gold Mining
21:58 Gold Mining
27:51 Imperial Age
25:46 Scale Mail Armor
27:11 Chain Mail Armor
26:57 Squires
27:32 Fletching
27:38 Pikeman
28:30 Forging
29:01 Conscription
[NAK]_Rucommander
11:21 Loom
13:07 Feudal Age
17:28 Castle Age
15:19 Double-Bit Axe
15:16 Horse Collar
16:57 Fletching
18:51 Bow Saw
18:52 Town Watch
19:45 Bodkin Arrow
22:03 Padded Archer Armor
27:05 Ballistics
[NAK]_Spetter
7:22 Loom
12:07 Feudal Age
15:46 Castle Age
13:58 Horse Collar
14:09 Double-Bit Axe
16:33 Forging
19:55 Bow Saw
20:43 Scale Barding Armor
21:31 Bloodlines
22:19 Gold Mining
22:45 Heavy Plow
24:12 Wheelbarrow
25:05 Stone Mining
27:54 Iron Casting
27:40 Chain Barding Armor
27:10 Fletching
[NAK]_Harry Carry
7:22 Loom
9:38 Feudal Age
11:24 Double-Bit Axe
11:36 Horse Collar
13:42 Bow Saw
17:46 Scale Barding Armor
18:04 Heavy Plow
18:30 Gold Mining
21:19 Castle Age
20:04 Forging
21:16 Wheelbarrow
23:27 Two-Man Saw
21:54 Light Cavalry
22:34 Husbandry
21:55 Cavalier
28:20 Chain Barding Armor
Connection lost

Rejoining the realm…

Still unreachable

The connection could not be restored.

Session expired

The server has moved on; the page needs a fresh start.